 Dungeon Crawl Stone Soup version 0.15-a0-2123-gb18dd36 (webtiles) character file.

830 Charly the Transmogrifier (level 7, 0/48 HPs)
             Began as a Merfolk Transmuter on July 16, 2014.
             Was a Follower of Cheibriados.
             Succumbed to a killer bee's poison
             ... on Level 7 of the Dungeon.
             The game lasted 00:31:57 (2256 turns).

Charly the Transmogrifier (Merfolk Transmuter)      Turns: 2256, Time: 00:31:57

HP   0/48        AC  5     Str 14      XL: 7   Next: 97%
MP  12/12        EV 13     Int 17      God: Cheibriados [*.....]
Gold 166         SH  0     Dex 17      Spells:  3 memorised,  4 levels left

rFire  . . .     SeeInvis .       - Unarmed
rCold  . . .     Clarity  .     c - +0 robe
rNeg   . . .     rCorr    .     (no shield)
rPois  .         rRot     .     g - +0 helmet
rElec  .         Spirit   .     k - +1 cloak {+Inv}
SustAb .         Warding  .     (no gloves)
rMut   .         Stasis   .     (no boots)
Gourm  .                        (no amulet)
MR     .....                    (no ring)
                                (no ring)

@: lethally poisoned, very slow, not resistant to hostile enchantments,
unstealthy
A: change form in water, swift swim
a: Bend Time, Renounce Religion, Evoke Invisibility


You were on level 7 of the Dungeon.
You worshipped Cheibriados.
Cheibriados was aware of your devotion.
You were not hungry.

You visited 2 branches of the dungeon, and saw 9 of its levels.

You collected 166 gold pieces.

Inventory:

Hand weapons
 a - the +2 arbalest of Oniwkos {penet, +Fly rN+ Dex+2}
   (You found it on level 6 of the Dungeon)

   Ammo fired by it will pass through the targets it hits, potentially hitting
   all targets in its path until it reaches maximum range.
   It affects your dexterity (+2).
   It protects you from negative energy.
   It lets you fly.
Missiles
 b - 16 bolts
 o - 25 arrows
Armour
 c - a +0 robe (worn)
 g - a +0 helmet (worn)
 k - a +1 cloak of darkness (worn)
Comestibles
 n - 5 bread rations
Scrolls
 f - 3 scrolls of identify
 j - a scroll of remove curse
Jewellery
 h - an uncursed ring of protection from magic
 i - an uncursed amulet of stasis
Books
 d - a book of Changes

   Spells                             Type                      Level
   *Beastly Appendage                 Transmutation                1
   *Sticks to Snakes                  Transmutation                2
   *Spider Form                       Transmutation/Poison         3
   Ice Form                           Ice/Transmutation            4
   Blade Hands                        Transmutation                5


   Skills:
 - Level 1.1 Fighting
 * Level 2.6 Dodging
 + Level 7.1 Unarmed Combat
 - Level 2.0 Spellcasting
 + Level 8.4 Transmutations
 - Level 2.0 Poison Magic


You had 4 spell levels left.
You knew the following spells:

 Your Spells              Type           Power        Failure   Level  Hunger
b - Beastly Appendage     Trmt           ####..       1%          1    #......
s - Sticks to Snakes      Trmt           ####......   1%          2    ###....
S - Spider Form           Trmt/Pois      ###.......   10%         3    ####...


Dungeon Overview and Level Annotations

Branches:
Dungeon (8/15)             Temple (1/1) D:4
   Lair: D:8-11

Altars:
Ashenzari
Cheibriados
Elyvilon
Gozag
Kikubaaqudgha
Makhleb
Nemelex Xobeh
Okawaru
Qazlal
Sif Muna
Trog
Vehumet
Xom
The Shining One

Annotations:
D:4 tabulaattori's ghost, experienced KoHu


Message History

As you read the scroll of teleportation, it crumbles to dust.
You feel strangely unstable.
The killer bee buzzes angrily.
You are now empty-handed.
The killer bee closely misses you.
Use which ability? (? or * to list)
Okay, then.
Use which ability? (? or * to list)
You fail to use your ability.
The killer bee stings you!
* * * LOW HITPOINT WARNING * * *
The killer bee barely misses you.
A killer bee comes into view.
The killer bee barely misses you. The killer bee stings you.
* * * LOW HITPOINT WARNING * * *
You are lethally poisoned!
The killer bee poisons you!
* * * LOW HITPOINT WARNING * * *
You feel sick. The killer bee closely misses you.
Your surroundings suddenly seem different.
A giant newt comes into view.
You die...

... ......#
.......#
........#
.........##
..........##
...........
..........# #
........@.#.#
.........<..#
.........###
.......l..
.....(...##
........#
.......#
......#
......


You could see a giant newt.

Vanquished Creatures
  A water moccasin (D:7)
  A sky beast (D:7)
  2 black bears (D:6)
  A phantom (D:7)
  3 crimson imps (D:7)
  A goliath beetle (D:7)
  Crazy Yiuf (D:3)
  An orc priest (D:7)
  A hound (D:6)
  A worker ant (D:7)
  2 orc wizards (D:7)
  Ijyb (D:7)
  A worker ant zombie (D:6)
  3 adders
  4 giant geckos
  2 orcs
  A ball python (D:6)
  2 goblins
  5 hobgoblins
  5 jackals
  7 kobolds
  2 bats
  2 giant cockroaches (D:1)
  2 giant newts
  A kobold skeleton (D:6)
  2 quokkas
  2 rats
57 creatures vanquished.

Vanquished Creatures (collateral kills)
  An adder (D:3)
  A jackal (D:2)
2 creatures vanquished.

Grand Total: 59 creatures vanquished

Notes
Turn   | Place    | Note
--------------------------------------------------------------
     0 | D:1      | Charly, the Merfolk Transmuter, began the quest for the Orb.
     0 | D:1      | Reached XP level 1. HP: 15/15 MP: 3/3
   178 | D:1      | Reached XP level 2. HP: 15/21 MP: 2/4
   231 | D:1      | Learned a level 2 spell: Sticks to Snakes
   301 | D:2      | Reached skill level 4 in Unarmed Combat
   485 | D:2      | Reached XP level 3. HP: 13/26 MP: 1/6
   532 | D:2      | Learned a level 3 spell: Spider Form
   574 | D:3      | Noticed Crazy Yiuf
   601 | D:3      | Killed Crazy Yiuf
   657 | D:3      | Found a glowing golden altar of the Shining One.
   667 | D:3      | Found an iron altar of Okawaru.
   674 | D:3      | Found a stormy altar of Qazlal.
   677 | D:3      | Found a bloodstained altar of Trog.
   891 | D:4      | Got a polished mace
   892 | D:4      | Identified the +4 mace of Massacring {elec, Str-1} (You found it on level 4 of the Dungeon)
   909 | D:4      | Found a staircase to the Ecumenical Temple.
   915 | Temple   | Entered the Ecumenical Temple
   939 | Temple   | Became a worshipper of Cheibriados the Contemplative
   994 | D:4      | Reached XP level 4. HP: 32/32 MP: 3/7
  1010 | D:4      | Found a shimmering altar of Xom.
  1010 | D:4      | Found a burning altar of Makhleb.
  1032 | D:4      | Noticed tabulaattori's ghost (experienced KoHu)
  1138 | D:5      | Entered Level 5 of the Dungeon
  1399 | D:6      | Noticed a black bear
  1427 | D:6      | Killed a black bear
  1427 | D:6      | Reached skill level 5 in Unarmed Combat
  1427 | D:6      | Reached skill level 1 in Poison Magic
  1427 | D:6      | Reached XP level 5. HP: 13/37 MP: 0/9
  1495 | D:6      | Reached skill level 5 in Transmutations
  1515 | D:6      | Noticed a black bear
  1596 | D:7      | Noticed Ijyb
  1631 | D:7      | Reached XP level 6. HP: 36/43 MP: 3/10
  1659 | D:7      | Reached skill level 6 in Transmutations
  1666 | D:7      | Noticed a water moccasin
  1732 | D:6      | Killed a black bear
  1753 | D:6      | Got an ebony arbalest
  1754 | D:6      | Identified the cursed +2 arbalest of Oniwkos {penet, +Fly rN+ Dex+2} (You found it on level 6 of the Dungeon)
  1825 | D:7      | Found an opulent altar of Gozag.
  1842 | D:7      | Reached XP level 7. HP: 48/48 MP: 7/12
  1903 | D:8      | Noticed a hippogriff
  1946 | D:7      | Noticed a phantom
  1947 | D:7      | Reached skill level 7 in Transmutations
  1970 | D:7      | Killed a phantom
  2043 | D:7      | Noticed a sky beast
  2052 | D:7      | Killed a sky beast
  2052 | D:7      | Reached skill level 8 in Transmutations
  2094 | D:7      | Killed a water moccasin
  2180 | D:7      | Killed Ijyb
  2253 | D:7      | HP: 1/48 [killer bee (5)]
  2256 | D:7      | Succumbed to a killer bee's poison

Action                   |  1- 3 |  4- 6 |  7- 9 || total
-------------------------+-------+-------+-------++-------
Melee: Unarmed           |    78 |    84 |    30 ||   192
 Fire: Hunting sling     |       |     2 |       ||     2
       Arbalest          |       |       |    16 ||    16
Throw: Stone             |    34 |    15 |       ||    49
 Cast: Beastly Appendage |    17 |     2 |       ||    19
       Sticks to Snakes  |     4 |     9 |       ||    13
       Spider Form       |     2 |     8 |     5 ||    15
 Abil: End Transformatio |       |       |     5 ||     5
  Use: Scroll            |     1 |     6 |     2 ||     9
       Potion            |       |     2 |       ||     2
  Eat: Chunk             |     1 |     3 |       ||     4
       Meat ration       |       |     1 |       ||     1
